General information
- name: BNet
- type: Ladder team game (AT/RT)
- host: Battle.net
- saver: pizzafan1739
map: SunrockCove
- players: 6
- length: 85:42
- speed: Fast
- version: 1.26 W3XP
- replay type:

» download(612 KB)
Players
team 1 (winner)
baby_in_pram (
teal | 98 APM | 8391 actions | 85:42)
6 Warden
3 Shadow Strike
3 Blink
4 Pandaren Brewmaster
2 Breath of Fire
1 Drunken Haze
1 Drunken Brawler
3 Goblin Tinker
2 Cluster Rockets
1 Engineering Upgrade
» actions
| Assign group hotkey | 168 | |
| Basic commands | 107 | |
| Build / train | 91 | |
| ESC pressed | 4 | |
| Enter build submenu | 30 | |
| Enter hero's abilities submenu | 20 | |
| Give item / drop item | 18 | |
| Right click | 5254 | |
| Select / deselect | 1021 | |
| Select group hotkey | 1147 | |
| Use ability | 526 | |
8391 total
» units
» upgrades
| Ultravision | 1 | |
| Well Spring | 1 | |
| Strength of the Wild | 3 | |
| Reinforced Hides | 3 | |
| Nature's Blessing | 1 | |
9 total
» buildings
| Altar of Elders | 2 | |
| Moon Well | 14 | |
| Hunter's Hall | 1 | |
| Tree of Ages | 5 | |
| Tree of Eternity | 3 | |
| Ancient of Wonders | 1 | |
| Tree of Life | 3 | |
| Ancient of Wind | 2 | |
31 total
» build order
00:12 Altar of Elders
00:16 Moon Well
02:19 Moon Well
03:15 Moon Well
03:34 Moon Well
03:36 Moon Well
04:53 Hunter's Hall
05:19 Tree of Ages
05:19 Tree of Ages
05:19 Tree of Ages
07:10 Moon Well
07:43 Tree of Eternity
07:44 Tree of Eternity
07:53 Ancient of Wonders
09:08 Tree of Life
12:03 Moon Well
12:04 Moon Well
14:41 Tree of Life
20:49 Ancient of Wind
20:50 Ancient of Wind
35:33 Tree of Life
51:45 Altar of Elders
52:25 Moon Well
52:42 Moon Well
52:54 Moon Well
52:55 Moon Well
53:04 Moon Well
53:36 Moon Well
» items
| Boots of Speed | 3 | |
| Staff of Teleportation | 3 | |
| Orb of Venom | 1 | |
| Lesser Clarity Potion | 1 | |
| Healing Salve | 1 | |
| Orb of Lightning | 2 | |
| Staff of Sanctuary | 3 | |
14 total
Birdeneering (
purple | 86 APM | 7336 actions | 85:42)
6 Archmage
3 Blizzard
2 Brilliance Aura
1 Mass Teleport
6 Blood Mage
3 Flame Strike
2 Siphon Mana
1 Summon Phoenix
5 Pit Lord
3 Rain of Fire
2 Cleaving Attack
» actions
| Assign group hotkey | 341 | |
| Basic commands | 155 | |
| Build / train | 177 | |
| Enter build submenu | 153 | |
| Enter hero's abilities submenu | 18 | |
| Give item / drop item | 25 | |
| Remove unit from queue | 2 | |
| Right click | 3175 | |
| Select / deselect | 819 | |
| Select group hotkey | 1991 | |
| Use ability | 475 | |
7336 total
» units
| Peasant | 14 | |
| Goblin Zeppelin | 1 | |
15 total
» upgrades
| Masonry | 3 | |
| Lumber Harvesting | 2 | |
| Magic Sentry | 1 | |
| Sorceress Training | 2 | |
| Priest Training | 2 | |
| Control Magic | 1 | |
| Swords | 3 | |
| Armor | 3 | |
| Plating | 3 | |
| Gunpowder | 2 | |
| Animal War Training | 1 | |
| Cloud | 1 | |
| Storm Hammers | 1 | |
25 total
» buildings
| Altar of Kings | 2 | |
| Farm | 14 | |
| Scout Tower | 174 | |
| Lumber Mill | 1 | |
| Arcane Tower | 19 | |
| Guard Tower | 78 | |
| Keep | 1 | |
| Town Hall | 2 | |
| Arcane Sanctum | 3 | |
| Castle | 1 | |
| Arcane Vault | 4 | |
| Blacksmith | 1 | |
| Barracks | 1 | |
| Gryphon Aviary | 2 | |
303 total
» build order
00:04 Altar of Kings
00:19 Farm
00:42 Farm
01:15 Scout Tower
01:20 Lumber Mill
01:26 Farm
01:34 Scout Tower
01:39 Scout Tower
01:43 Arcane Tower
01:58 Scout Tower
02:01 Arcane Tower
02:25 Scout Tower
02:42 Guard Tower
02:42 Guard Tower
02:44 Scout Tower
02:58 Guard Tower
03:00 Scout Tower
03:01 Scout Tower
03:14 Scout Tower
03:16 Guard Tower
03:17 Scout Tower
03:25 Scout Tower
03:51 Keep
04:07 Town Hall
04:14 Scout Tower
04:14 Scout Tower
04:18 Arcane Tower
04:19 Guard Tower
04:21 Scout Tower
04:23 Scout Tower
04:27 Guard Tower
04:27 Guard Tower
04:28 Guard Tower
04:52 Arcane Tower
04:53 Scout Tower
05:15 Guard Tower
05:41 Guard Tower
05:41 Guard Tower
05:44 Scout Tower
05:47 Scout Tower
05:48 Scout Tower
05:51 Guard Tower
05:53 Scout Tower
05:53 Scout Tower
06:10 Scout Tower
06:22 Arcane Sanctum
06:33 Guard Tower
06:35 Guard Tower
06:36 Scout Tower
07:03 Guard Tower
07:05 Scout Tower
07:08 Arcane Tower
07:08 Guard Tower
07:12 Scout Tower
07:13 Scout Tower
07:26 Castle
07:28 Scout Tower
07:31 Guard Tower
07:33 Scout Tower
07:34 Scout Tower
07:41 Guard Tower
07:44 Scout Tower
07:48 Arcane Vault
07:49 Guard Tower
08:57 Guard Tower
09:08 Scout Tower
09:09 Scout Tower
09:11 Guard Tower
09:13 Scout Tower
09:20 Scout Tower
09:20 Scout Tower
09:22 Guard Tower
09:24 Scout Tower
09:25 Scout Tower
09:25 Scout Tower
09:26 Scout Tower
09:32 Guard Tower
09:35 Scout Tower
09:36 Scout Tower
09:39 Scout Tower
09:41 Scout Tower
09:42 Scout Tower
09:43 Scout Tower
09:59 Guard Tower
10:26 Guard Tower
11:30 Guard Tower
11:31 Scout Tower
11:32 Scout Tower
11:36 Scout Tower
11:36 Scout Tower
11:37 Scout Tower
11:38 Scout Tower
11:40 Scout Tower
11:40 Scout Tower
11:41 Scout Tower
11:44 Scout Tower
11:46 Scout Tower
11:47 Scout Tower
11:48 Scout Tower
11:49 Scout Tower
11:50 Scout Tower
12:18 Arcane Tower
12:19 Guard Tower
12:24 Guard Tower
12:27 Scout Tower
12:42 Scout Tower
12:43 Scout Tower
12:45 Scout Tower
12:46 Scout Tower
12:48 Guard Tower
12:49 Scout Tower
12:50 Scout Tower
12:53 Guard Tower
13:17 Guard Tower
13:23 Scout Tower
13:23 Scout Tower
13:26 Guard Tower
14:00 Guard Tower
14:01 Scout Tower
14:01 Scout Tower
14:32 Guard Tower
14:34 Scout Tower
14:34 Scout Tower
14:36 Arcane Vault
15:18 Guard Tower
16:44 Arcane Tower
16:46 Scout Tower
16:51 Town Hall
17:24 Guard Tower
17:27 Scout Tower
17:27 Scout Tower
19:09 Guard Tower
19:14 Guard Tower
21:04 Guard Tower
21:10 Guard Tower
24:25 Scout Tower
24:26 Scout Tower
24:27 Scout Tower
24:28 Scout Tower
24:29 Scout Tower
24:30 Scout Tower
24:53 Scout Tower
24:54 Scout Tower
24:55 Scout Tower
24:55 Scout Tower
24:56 Scout Tower
25:01 Guard Tower
25:31 Guard Tower
25:31 Guard Tower
25:33 Scout Tower
25:33 Scout Tower
25:35 Arcane Vault
25:37 Arcane Tower
25:39 Scout Tower
25:39 Scout Tower
25:40 Scout Tower
26:02 Guard Tower
26:04 Arcane Tower
26:12 Blacksmith
26:15 Barracks
26:18 Guard Tower
26:21 Arcane Tower
26:59 Guard Tower
27:16 Guard Tower
27:17 Scout Tower
27:33 Guard Tower
28:03 Scout Tower
28:04 Scout Tower
28:06 Guard Tower
28:28 Farm
29:10 Scout Tower
29:11 Scout Tower
29:12 Scout Tower
29:13 Scout Tower
30:05 Guard Tower
30:07 Scout Tower
30:07 Scout Tower
30:11 Scout Tower
30:12 Scout Tower
30:13 Scout Tower
30:14 Scout Tower
30:15 Guard Tower
31:45 Guard Tower
31:53 Scout Tower
31:55 Scout Tower
32:02 Gryphon Aviary
32:07 Arcane Sanctum
32:52 Scout Tower
32:53 Scout Tower
32:54 Scout Tower
32:54 Scout Tower
32:55 Scout Tower
32:55 Scout Tower
33:32 Guard Tower
33:39 Scout Tower
33:40 Scout Tower
33:55 Scout Tower
33:56 Scout Tower
33:57 Scout Tower
33:58 Scout Tower
33:59 Scout Tower
34:00 Scout Tower
34:00 Scout Tower
34:04 Scout Tower
34:05 Scout Tower
34:06 Scout Tower
34:06 Scout Tower
34:07 Scout Tower
34:07 Scout Tower
34:08 Scout Tower
34:09 Scout Tower
34:34 Guard Tower
34:54 Arcane Tower
34:55 Guard Tower
35:15 Guard Tower
35:24 Guard Tower
35:32 Guard Tower
35:35 Scout Tower
35:36 Scout Tower
35:43 Scout Tower
35:47 Scout Tower
35:48 Scout Tower
35:53 Farm
35:55 Farm
35:57 Farm
36:10 Guard Tower
36:15 Guard Tower
36:23 Guard Tower
36:53 Guard Tower
36:54 Scout Tower
36:54 Scout Tower
36:56 Guard Tower
36:57 Scout Tower
36:58 Scout Tower
37:09 Guard Tower
37:12 Scout Tower
37:13 Scout Tower
37:14 Farm
37:16 Farm
37:17 Farm
37:18 Scout Tower
37:30 Guard Tower
37:31 Arcane Tower
37:42 Scout Tower
37:43 Scout Tower
37:47 Guard Tower
37:49 Scout Tower
37:50 Scout Tower
38:00 Guard Tower
38:13 Farm
38:14 Farm
38:16 Scout Tower
38:16 Scout Tower
38:23 Guard Tower
38:25 Scout Tower
38:26 Scout Tower
38:27 Scout Tower
38:28 Scout Tower
38:28 Scout Tower
38:29 Scout Tower
38:33 Arcane Vault
38:34 Gryphon Aviary
38:37 Arcane Sanctum
38:44 Scout Tower
38:45 Scout Tower
38:45 Scout Tower
38:47 Scout Tower
38:47 Scout Tower
38:51 Guard Tower
38:52 Scout Tower
38:53 Scout Tower
38:54 Scout Tower
38:54 Scout Tower
38:55 Scout Tower
38:59 Arcane Tower
39:03 Scout Tower
39:03 Scout Tower
39:06 Scout Tower
39:07 Scout Tower
39:11 Arcane Tower
39:16 Guard Tower
40:19 Guard Tower
40:22 Scout Tower
40:23 Scout Tower
40:26 Arcane Tower
40:26 Guard Tower
40:33 Guard Tower
40:36 Guard Tower
41:01 Guard Tower
41:14 Arcane Tower
41:26 Arcane Tower
41:30 Guard Tower
42:06 Guard Tower
43:07 Scout Tower
43:09 Scout Tower
44:54 Farm
44:55 Farm
44:58 Guard Tower
53:34 Altar of Kings
55:27 Scout Tower
55:28 Scout Tower
56:03 Arcane Tower
56:26 Arcane Tower
» items
| Healing Salve | 2 | |
| Boots of Speed | 3 | |
| Staff of Teleportation | 3 | |
| Circlet of Nobility | 1 | |
| Orb of Lightning | 3 | |
| Scroll of Regeneration | 2 | |
| Staff of Sanctuary | 3 | |
17 total
pizzafan1739 (
pink | 87 APM | 7433 actions | 85:42)
8 Blademaster
3 Wind Walk
3 Critical Strike
1 Bladestorm
1 Mirror Image
» actions
| Assign group hotkey | 33 | |
| Basic commands | 5 | |
| Build / train | 99 | |
| Enter build submenu | 64 | |
| Enter hero's abilities submenu | 9 | |
| Give item / drop item | 18 | |
| Remove unit from queue | 1 | |
| Right click | 5328 | |
| Select / deselect | 737 | |
| Select group hotkey | 768 | |
| Use ability | 369 | |
7433 total
» units
| Peon | 11 | |
| Troll Batrider | 45 | |
| Goblin Zeppelin | 4 | |
60 total
» upgrades
| Ranged Weapons | 3 | |
| Troll Regeneration | 1 | |
| Liquid Fire | 1 | |
| Armor | 2 | |
7 total
» buildings
| Altar of Storms | 2 | |
| Orc Burrow | 7 | |
| War Mill | 1 | |
| Voodoo Lounge | 4 | |
| Watch Tower | 36 | |
| Stronghold | 1 | |
| Beastiary | 3 | |
| Fortress | 1 | |
| Barracks | 1 | |
| Great Hall | 3 | |
59 total
» build order
00:07 Altar of Storms
00:21 Orc Burrow
00:37 War Mill
00:53 Voodoo Lounge
01:58 Watch Tower
02:04 Watch Tower
02:53 Stronghold
03:06 Watch Tower
03:13 Watch Tower
03:41 Watch Tower
03:44 Watch Tower
04:18 Orc Burrow
04:19 Orc Burrow
05:18 Beastiary
05:22 Beastiary
06:01 Watch Tower
06:39 Watch Tower
06:43 Watch Tower
06:44 Watch Tower
06:45 Watch Tower
06:45 Watch Tower
07:36 Watch Tower
07:36 Watch Tower
08:19 Watch Tower
08:20 Watch Tower
08:21 Watch Tower
09:14 Fortress
10:11 Watch Tower
10:12 Watch Tower
11:36 Voodoo Lounge
11:39 Voodoo Lounge
12:16 Watch Tower
12:28 Watch Tower
13:27 Barracks
15:19 Great Hall
15:23 Watch Tower
15:25 Watch Tower
16:01 Watch Tower
16:45 Watch Tower
16:45 Watch Tower
16:46 Watch Tower
16:58 Watch Tower
17:58 Watch Tower
17:59 Watch Tower
17:59 Watch Tower
18:54 Watch Tower
19:03 Watch Tower
19:05 Watch Tower
19:12 Great Hall
20:58 Watch Tower
21:00 Watch Tower
24:49 Great Hall
25:07 Voodoo Lounge
35:55 Beastiary
38:58 Orc Burrow
38:59 Orc Burrow
47:24 Altar of Storms
48:44 Orc Burrow
48:49 Orc Burrow
» items
| Healing Salve | 4 | |
| Lesser Clarity Potion | 5 | |
| Boots of Speed | 2 | |
| Staff of Teleportation | 1 | |
| Dust of Appearance | 1 | |
| Orb of Lightning | 1 | |
| Potion of Healing | 1 | |
15 total
team 2 (loser)

»
borysek916 (
yellow | 28 APM | 2363 actions | 85:41)
4 Paladin
1 Holy Light
2 Divine Shield
1 Devotion Aura
2 Mountain King
1 Storm Bolt
1 Bash
2 Archmage
1 Summon Water Elemental
1 Brilliance Aura
» actions
| Assign group hotkey | 34 | |
| Basic commands | 8 | |
| Build / train | 161 | |
| Enter build submenu | 57 | |
| Enter hero's abilities submenu | 8 | |
| Remove unit from queue | 6 | |
| Right click | 1075 | |
| Select / deselect | 629 | |
| Select group hotkey | 224 | |
| Use ability | 161 | |
2363 total
» units
| Peasant | 31 | |
| Footman | 4 | |
| Rifleman | 8 | |
| Goblin Shredder | 2 | |
| Mortar Team | 12 | |
| Siege Engine | 6 | |
| Priest | 7 | |
| Knight | 5 | |
| Goblin Zeppelin | 2 | |
| Ghoul | 4 | |
81 total
» upgrades
| Defend | 1 | |
| Masonry | 3 | |
| Plating | 3 | |
| Long Rifles | 1 | |
| Gunpowder | 4 | |
| Fragmentation Shards | 1 | |
| Flare | 1 | |
| Barrage | 1 | |
| Priest Training | 2 | |
| Animal War Training | 1 | |
| Armor | 3 | |
| Swords | 3 | |
| Magic Sentry | 1 | |
| Lumber Harvesting | 2 | |
27 total
» buildings
| Barracks | 1 | |
| Altar of Kings | 2 | |
| Farm | 33 | |
| Scout Tower | 16 | |
| Arcane Tower | 5 | |
| Lumber Mill | 3 | |
| Blacksmith | 3 | |
| Keep | 1 | |
| Guard Tower | 7 | |
| Arcane Vault | 3 | |
| Town Hall | 4 | |
| Castle | 1 | |
| Workshop | 1 | |
| Arcane Sanctum | 1 | |
| Cannon Tower | 4 | |
85 total
» build order
00:28 Barracks
00:34 Altar of Kings
00:47 Farm
01:39 Farm
02:12 Farm
02:27 Scout Tower
02:44 Arcane Tower
02:48 Lumber Mill
03:43 Blacksmith
03:55 Blacksmith
04:09 Blacksmith
04:23 Scout Tower
04:50 Farm
05:33 Keep
05:36 Guard Tower
05:53 Arcane Vault
05:59 Farm
07:08 Town Hall
10:09 Castle
10:13 Workshop
10:25 Arcane Sanctum
11:00 Town Hall
11:07 Town Hall
12:16 Farm
12:18 Farm
12:19 Farm
12:20 Farm
12:47 Scout Tower
12:51 Scout Tower
13:03 Farm
13:04 Farm
13:06 Farm
13:07 Farm
13:08 Farm
13:09 Farm
13:10 Farm
13:11 Farm
13:13 Farm
13:22 Scout Tower
13:25 Scout Tower
13:26 Scout Tower
14:27 Guard Tower
14:29 Guard Tower
14:31 Arcane Tower
14:33 Cannon Tower
15:44 Town Hall
17:46 Scout Tower
18:53 Scout Tower
18:54 Scout Tower
18:56 Scout Tower
18:58 Farm
18:59 Farm
19:00 Farm
19:01 Farm
19:02 Farm
19:03 Farm
19:05 Farm
19:06 Farm
21:17 Guard Tower
21:31 Farm
21:34 Farm
21:35 Farm
21:36 Farm
21:44 Farm
21:52 Scout Tower
23:16 Cannon Tower
23:18 Scout Tower
23:29 Farm
24:55 Arcane Vault
25:46 Scout Tower
25:48 Scout Tower
25:48 Scout Tower
25:50 Farm
26:54 Arcane Tower
28:33 Arcane Tower
28:49 Guard Tower
28:51 Cannon Tower
28:53 Arcane Tower
28:58 Guard Tower
29:20 Guard Tower
29:41 Cannon Tower
31:49 Guard Tower
38:28 Lumber Mill
41:11 Lumber Mill
54:46 Arcane Vault
75:30 Altar of Kings
» items
| Scroll of Town Portal | 3 | |
| Potion of Mana | 2 | |
| Ivory Tower | 11 | |
| Potion of Healing | 1 | |
| Scroll of Regeneration | 1 | |
| Lesser Clarity Potion | 1 | |
| Dust of Appearance | 1 | |
20 total

»
KILO_KARTOFLI (
blue | 105 APM | 8777 actions | 83:42)
3 Mountain King
2 Storm Bolt
1 Bash
3 Blood Mage
1 Banish
2 Flame Strike
» actions
| Assign group hotkey | 578 | |
| Basic commands | 100 | |
| Build / train | 173 | |
| Enter build submenu | 61 | |
| Enter hero's abilities submenu | 6 | |
| Give item / drop item | 1 | |
| Remove unit from queue | 8 | |
| Right click | 3035 | |
| Select / deselect | 1234 | |
| Select group hotkey | 3383 | |
| Use ability | 198 | |
8777 total
» units
| Peasant | 36 | |
| Footman | 7 | |
| Flying Machine | 5 | |
| Priest | 2 | |
| Siege Engine | 14 | |
| Sorceress | 1 | |
| Dragonhawk Rider | 11 | |
| Mortar Team | 1 | |
| Goblin Zeppelin | 8 | |
| Spell Breaker | 6 | |
| Goblin Shredder | 1 | |
92 total
» upgrades
| Defend | 1 | |
| Lumber Harvesting | 2 | |
| Barrage | 1 | |
| Animal War Training | 1 | |
| Cloud | 1 | |
| Armor | 3 | |
| Masonry | 3 | |
| Gunpowder | 3 | |
| Plating | 3 | |
18 total
» buildings
| Altar of Kings | 1 | |
| Farm | 11 | |
| Barracks | 1 | |
| Scout Tower | 20 | |
| Arcane Tower | 2 | |
| Keep | 1 | |
| Arcane Vault | 1 | |
| Castle | 1 | |
| Blacksmith | 1 | |
| Arcane Sanctum | 1 | |
| Workshop | 3 | |
| Lumber Mill | 1 | |
| Guard Tower | 20 | |
| Town Hall | 5 | |
| Gryphon Aviary | 1 | |
70 total
» build order
00:06 Altar of Kings
00:16 Farm
00:27 Barracks
01:03 Farm
01:57 Farm
02:19 Scout Tower
02:36 Arcane Tower
03:29 Keep
03:34 Arcane Vault
04:27 Farm
06:35 Castle
06:38 Blacksmith
07:27 Arcane Sanctum
07:29 Workshop
07:56 Farm
08:06 Lumber Mill
08:44 Farm
08:47 Farm
09:10 Scout Tower
09:12 Scout Tower
09:39 Guard Tower
09:41 Guard Tower
11:32 Town Hall
12:14 Scout Tower
12:16 Scout Tower
12:19 Scout Tower
12:45 Guard Tower
12:59 Gryphon Aviary
13:36 Farm
13:40 Farm
14:00 Guard Tower
14:19 Arcane Tower
14:35 Farm
14:53 Scout Tower
15:40 Guard Tower
16:17 Scout Tower
16:18 Scout Tower
17:42 Guard Tower
17:43 Guard Tower
19:16 Scout Tower
19:33 Town Hall
19:37 Scout Tower
19:37 Scout Tower
20:49 Guard Tower
20:55 Guard Tower
20:56 Scout Tower
20:57 Scout Tower
21:29 Workshop
21:36 Workshop
22:24 Guard Tower
22:25 Guard Tower
23:06 Scout Tower
23:07 Scout Tower
24:14 Guard Tower
24:14 Guard Tower
26:08 Guard Tower
26:09 Guard Tower
26:31 Guard Tower
29:23 Town Hall
29:37 Town Hall
30:24 Farm
32:12 Scout Tower
32:13 Scout Tower
32:43 Guard Tower
32:44 Guard Tower
32:45 Scout Tower
33:06 Scout Tower
33:10 Town Hall
33:13 Guard Tower
36:14 Guard Tower
» items
| Scroll of Regeneration | 3 | |
| Lesser Clarity Potion | 3 | |
| Scroll of Town Portal | 6 | |
| Ivory Tower | 10 | |
| Staff of Sanctuary | 1 | |
23 total

»
tazilla (
orange | 158 APM | 10255 actions | 65:04)
5 Death Knight
3 Death Coil
2 Unholy Aura
4 Lich
2 Frost Nova
2 Dark Ritual
4 Crypt Lord
2 Impale
2 Spiked Carapace
» actions
| Assign group hotkey | 88 | |
| Basic commands | 107 | |
| Build / train | 90 | |
| Enter build submenu | 27 | |
| Enter hero's abilities submenu | 15 | |
| Give item / drop item | 5 | |
| Right click | 6829 | |
| Select / deselect | 793 | |
| Select group hotkey | 2050 | |
| Use ability | 251 | |
10255 total
» units
| Acolyte | 5 | |
| Ghoul | 2 | |
| Crypt Fiend | 12 | |
| Obsidian Statue | 6 | |
| Gargoyle | 1 | |
| Frost Wyrm | 4 | |
| Goblin Zeppelin | 6 | |
| Goblin Shredder | 1 | |
37 total
» upgrades
| Creature Attack | 3 | |
| Destroyer Form | 1 | |
| Web | 1 | |
| Creature Carapace | 3 | |
| Burrow | 1 | |
| Freezing Breath | 1 | |
10 total
» buildings
| Graveyard | 1 | |
| Crypt | 1 | |
| Altar of Darkness | 2 | |
| Ziggurat | 14 | |
| Tomb of Relics | 1 | |
| Nerubian Tower | 1 | |
| Halls of the Dead | 1 | |
| Black Citadel | 1 | |
| Slaughterhouse | 3 | |
| Spirit Tower | 7 | |
| Sacrificial Pit | 1 | |
| Boneyard | 1 | |
34 total
» build order
00:08 Graveyard
00:12 Crypt
00:37 Altar of Darkness
00:41 Ziggurat
01:06 Tomb of Relics
01:52 Ziggurat
02:49 Nerubian Tower
03:44 Halls of the Dead
04:16 Ziggurat
06:22 Black Citadel
06:46 Slaughterhouse
06:48 Slaughterhouse
07:21 Slaughterhouse
07:24 Ziggurat
07:54 Spirit Tower
10:03 Ziggurat
12:07 Ziggurat
14:34 Sacrificial Pit
14:36 Spirit Tower
16:07 Ziggurat
16:51 Spirit Tower
18:02 Spirit Tower
19:17 Boneyard
20:50 Spirit Tower
37:13 Altar of Darkness
51:37 Ziggurat
52:59 Ziggurat
53:01 Ziggurat
53:34 Ziggurat
54:01 Ziggurat
54:01 Spirit Tower
54:16 Ziggurat
54:47 Ziggurat
54:49 Spirit Tower
» items
| Rod of Necromancy | 4 | |
| Dust of Appearance | 3 | |
| Orb of Corruption | 1 | |
| Potion of Mana | 1 | |
| Potion of Lesser Invulnerability | 2 | |
| Scroll of Town Portal | 3 | |
| Scroll of Protection | 1 | |
| Scroll of Healing | 1 | |
16 total
Chat log
(01:25 / All) pizzafan1739: hi
(01:27 / All) pizzafan1739: from???
(01:31 / All) KILO_KARTOFLI: hi
(01:36 / All) KILO_KARTOFLI: from pit
(03:27 / All) pizzafan1739: good surround
(03:30 / All) KILO_KARTOFLI: y
(03:33 / All) Birdeneering: ur first?
(03:40 / All) KILO_KARTOFLI: y
(05:17 / All) KILO_KARTOFLI: GBTFO
(05:34 / All) baby_in_pram: nice dota deny
(05:59 / All) KILO_KARTOFLI: GO BTD
(06:01 / All) KILO_KARTOFLI: TD
(34:50 / All) pizzafan1739: bye
(34:56 / All) pizzafan1739: dokdo island belong to japan
(36:28 / All) Birdeneering: hey evrypme
(43:15 / All) KILO_KARTOFLI: bvorring
(43:21 / All) pizzafan1739: fvorr you
(43:37 / All) baby_in_pram: gjæring
(44:38 / All) KILO_KARTOFLI: coo l story bro
(45:26 / All) KILO_KARTOFLI: come :*
(45:56 / All) Birdeneering: u noob?
(46:00 / All) KILO_KARTOFLI: y
(47:52 / All) Birdeneering: fkn noob tanks
(47:53 / All) Birdeneering: No micro
(47:55 / All) Birdeneering: Only amove
(47:58 / All) KILO_KARTOFLI: :*
(48:06 / All) KILO_KARTOFLI: protocol sux
(48:42 / All) tazilla: why no concrete towers?
(52:12 / All) KILO_KARTOFLI: World of tanks
(52:13 / All) tazilla: still 9k :/
(52:18 / All) KILO_KARTOFLI: over 9000
(55:29 / All) pizzafan1739: hey blue
(55:32 / All) pizzafan1739: top right of screen
(58:05 / All) KILO_KARTOFLI: callvote draw
(58:08 / All) KILO_KARTOFLI: just leave
(58:11 / All) pizzafan1739: lmao
(58:17 / All) Birdeneering: no
(58:17 / All) tazilla: boring
(58:24 / All) Birdeneering: you only want because of bs
(58:33 / All) tazilla: we should let u
(58:39 / All) tazilla: get right down expo
(63:06 / All) pizzafan1739: yellow
(63:11 / All) pizzafan1739: triangle by minimap
(63:12 / All) pizzafan1739: click
(63:14 / All) pizzafan1739: makes you fast!
(63:23 / All) pizzafan1739: you're really bad for 90 games this season
(63:37 / All) Birdeneering: should have won already I think
(63:42 / All) Birdeneering: I didn't make any units
(63:49 / All) tazilla: ofc
(63:52 / All) tazilla: isles
(63:55 / All) tazilla: unreachable
(64:07 / All) Birdeneering: unimpeachable
(64:24 / All) tazilla: they let u exp on bottom
(64:28 / Allies) pizzafan1739: "they"
(64:29 / All) tazilla: thats the reason
(64:31 / All) pizzafan1739: "they"
(64:32 / All) pizzafan1739: "you"
(64:37 / All) baby_in_pram: dont D
(64:40 / All) Birdeneering: come on big T
(64:41 / All) tazilla: ofc
(64:50 / All) baby_in_pram: stop dropping stupid undead
(64:58 / All) Birdeneering: undeads are always the dumb ones
(65:04 / All) pizzafan1739: we're already happy
(65:05 / All) Birdeneering: happy like a clam
(65:07 / All) pizzafan1739: your unhappiness is important tom e
(65:14 / All) pizzafan1739: gg
(65:15 / All) pizzafan1739: Bye
(65:23 / All) KILO_KARTOFLI: i will afk at least
(65:33 / All) baby_in_pram: why?? worried u cant kill us? XD
(65:39 / All) KILO_KARTOFLI: no zeepelins
(65:39 / All) pizzafan1739: another win for big boys
(65:42 / All) Birdeneering: we win
(65:43 / All) Birdeneering: just leave
(65:44 / All) pizzafan1739: http://highper.ch/win
(65:46 / All) pizzafan1739: $3
(65:48 / All) Birdeneering: u can't micro 2 alone
(65:49 / All) pizzafan1739: for a win
(65:52 / All) KILO_KARTOFLI: u have one retard
(65:56 / All) KILO_KARTOFLI: fucking trolls
(66:01 / All) KILO_KARTOFLI: i hate u
(66:02 / All) KILO_KARTOFLI: so
(66:02 / All) KILO_KARTOFLI: no
(66:03 / All) KILO_KARTOFLI: GTFO
(66:22 / All) KILO_KARTOFLI: lucky with map
(66:24 / All) pizzafan1739: lol
(66:25 / All) KILO_KARTOFLI: isles
(66:28 / All) baby_in_pram: yes, this is only map we can win on
(66:35 / All) pizzafan1739: sunrockco.ve
(66:38 / All) baby_in_pram: except for (6) Highperch.w3x
(66:40 / All) pizzafan1739: visit out site
(66:41 / All) pizzafan1739: our
(66:44 / All) Birdeneering: maybe if we got the map highperch, which is where the name four or website came from.
(66:47 / All) Birdeneering: http://highper.ch
(69:26 / All) KILO_KARTOFLI: i go on cafe
(69:29 / All) KILO_KARTOFLI: gl hf
(69:33 / All) baby_in_pram: hehe SUUURE
(82:55 / All) KILO_KARTOFLI: is it still here?
(82:56 / All) KILO_KARTOFLI: lul
(83:00 / All) KILO_KARTOFLI: nothing done
(83:02 / All) KILO_KARTOFLI: trololo
(83:04 / All) KILO_KARTOFLI: funny
(83:31 / All) KILO_KARTOFLI: im going to play next game but next time ban this shitty map
(83:40 / All) KILO_KARTOFLI: bg
(83:42 / All) pizzafan1739: make sure you leave highperch thumbsed up